 Dungeon Crawl Stone Soup version 0.24.0-41-g2ae2f7f1be (webtiles) character file.

Game seed: 10347470017059520925, levelgen mode: deterministic

174 Goreval the Sneak (level 5, -1/21 HPs)
             Began as a Felid Enchanter on Dec 10, 2019.
             Was an Initiate of Dithmenos.
             Slain by a centaur (4 damage)
             ... on level 4 of the Dungeon.
             The game lasted 00:16:08 (5703 turns).

Goreval the Sneak (Felid Enchanter)                 Turns: 5703, Time: 00:16:09

Health: -1/21      AC:  2    Str:  4    XL:     5   Next: 28%
Magic:  6/10       EV: 23    Int: 17    God:    Dithmenos [......]
Gold:   213        SH:  0    Dex: 18    Spells: 1/9 levels left
                                        Lives:  0   Deaths: 1

rFire    . . .     SeeInvis +     - Unarmed
rCold    . . .     Gourm    .   (shield unavailable)
rNeg     . . .     Faith    .   (armour unavailable)
rPois    .         Spirit   .   (helmet unavailable)
rElec    .         Reflect  .   (cloak unavailable)
rCorr    +         Harm     .   (gloves unavailable)
MR       .....                  (boots unavailable)
Stlth    ++++......             n - amulet of magic regeneration
HPRegen  0.07/turn              f - +3 ring of evasion
MPRegen  0.37/turn              g - ring of resist corrosion

@: very slightly contaminated, quick
A: very small, no armour, no weapons or thrown items, stealth, claws 1, fangs 3,
see invisible, carnivore, speed 1, shaggy fur 2, slow metabolism 1, sharp paws
a: Renounce Religion


You were on level 4 of the Dungeon.
You worshipped Dithmenos.
Dithmenos was noncommittal.
You were full.

You visited 1 branch of the dungeon, and saw 4 of its levels.

You collected 213 gold pieces.

Inventory:

Jewellery
 f - a +3 ring of evasion (left paw)
 g - a ring of resist corrosion (right paw)
 n - an amulet of magic regeneration (around neck)
Scrolls
 c - a scroll of immolation {unknown}
 d - 3 scrolls of remove curse {unknown}
 h - a scroll of identify
 i - a scroll of teleportation {unknown}
 k - 3 scrolls of amnesia
Potions
 a - a potion of haste
 e - a potion of curing
 j - a potion of mutation
 l - a potion of berserk rage {unknown}
 m - a potion of lignification {unknown}
Comestibles
 b - 8 rations


   Skills:
 + Level 4.3 Dodging
 * Level 6.2 Stealth
 * Level 2.8 Unarmed Combat
 + Level 2.8 Spellcasting
 + Level 6.0 Hexes


You had one spell level left.
You knew the following spells:

 Your Spells              Type           Power        Failure   Level  Hunger
a - Ensorcelled Hibernat  Hex/Ice        ##....       8%          2    ##.....
b - Confuse               Hex            ###.....     4%          3    ###....
c - Dazzling Spray        Conj/Hex       ##....       16%         3    ###....

Your spell library contained the following spells:

 Spells                   Type           Power        Failure   Level  Hunger
 Corona                   Hex            ###....      1%          1    #......
 Tukima's Dance           Hex            ###.....     4%          3    ###....


Dungeon Overview and Level Annotations

Branches:
Dungeon (4/15)
 Temple: D:4-7

Altars:
Dithmenos
Okawaru
Ru
Trog
Xom

Annotations:
D:2 1 runed translucent door, Crazy Yiuf


Innate Abilities, Weirdness & Mutations

You cannot wear armour.
You are incapable of wielding weapons or throwing items.
Your paws allow you to move quietly. (Stealth)
You have sharp claws.
You have razor-sharp teeth.
You have supernaturally acute eyesight. (SInv)
You are carnivorous and can eat meat at any time.
You cover ground quickly.
You are covered in thick fur. (AC +2)
You have a slow metabolism.
Your sharp claws are effective at attacking unaware monsters.


Message History

* * * LOW HITPOINT WARNING * * *
Aim: a centaur, wielding a +0 shortbow and wearing a +0 robe (chance to defeat MR: 43%)
The centaur resists with some effort.
The centaur shoots an arrow.
The arrow completely misses you.
Aim: a centaur, wielding a +0 shortbow and wearing a +0 robe (chance to defeat MR: 43%)
Okay, then.
Aim: a centaur, wielding a +0 shortbow and wearing a +0 robe (chance to defeat MR: 51%)
The centaur appears confused.
The centaur unwields a +0 shortbow.
The centaur barely misses you.
You see here an arrow.
You scratch the centaur but do no damage.
You scratch the centaur but do no damage.
The centaur barely misses you.
The centaur asks, "What the hell are we doing here?
Hmm, I see..."
You scratch the centaur. The centaur completely misses you.
You pounce on the helpless centaur from behind!
You claw the centaur! The centaur closely misses you. The centaur misses you.
You scratch the centaur. The centaur hits you.
You die...

##.........# #.#
###.################.###### ###.#
#...........#....# .##.#
##.##########<##.# .##.# #.#
####.## .##.# #.# #.....# .##.#
###.## #.##### # ..#.##
##....####### #.....# #### #.#..#
#.....(.c@..# ♣≈.♣♣.###...
#.#..###.....#####(# ♣≈≈♣♣.......
.................#(# ♣♣≈♣♣.##....
#....####.....##.#♣# ♣≈..♣.♣♣....
##.....##.....##.♣♣♣♣♣♣≈≈♣♣♣♣♣...
.....#.####c#..#.≈♣♣≈♣≈.≈♣♣♣PP.##
##...#.# #.#.....≈≈≈.≈≈≈≈≈.≈..#
##..##.# #....##♣≈PP♣≈.≈♣PP♣♣##
.......#######.##♣♣♣♣♣≈.≈♣♣♣♣


You could see a centaur (confused).

Vanquished Creatures
  A hound (D:2)
  Jessica (D:2)
  An iguana (D:4)
  Robin (D:2)
  6 gnolls
  4 adders
  An ooze (D:1)
  3 worms
  3 dart slugs (D:1)
  A leopard gecko (D:3)
  13 orcs
  A ball python (D:2)
  7 bats
  4 giant cockroaches
  15 goblins
  12 hobgoblins
  4 kobolds
  4 quokkas
  5 frilled lizards
  12 rats
99 creatures vanquished.

Notes
Turn   | Place    | Note
-------+----------+-------------------------------------------
     0 | D:1      | Goreval the Felid Enchanter began the quest for the Orb.
     0 | D:1      | Reached XP level 1. HP: 7/7 MP: 4/4
   243 | D:1      | Reached XP level 2. HP: 11/11 MP: 6/6
   247 | D:1      | Learned a level 2 spell: Ensorcelled Hibernation
   687 | D:1      | Reached skill level 5 in Hexes
   864 | D:1      | Reached XP level 3. HP: 14/14 MP: 2/7
   869 | D:1      | Learned a level 3 spell: Confuse
  1191 | D:2      | Noticed Robin
  1342 | D:2      | Noticed Jessica
  1347 | D:2      | Killed Jessica
  1347 | D:2      | Reached skill level 5 in Stealth
  1347 | D:2      | Reached XP level 4. HP: 18/18 MP: 1/8
  1569 | D:2      | Found a runed translucent door.
  1570 | D:2      | Noticed Crazy Yiuf
  1595 | D:2      | Found a shimmering altar of Xom.
  2123 | D:2      | Killed Robin
  2489 | D:2      | Reached XP level 5. HP: 4/21 MP: 6/9
  4496 | D:3      | Found a sacrificial altar of Ru.
  4633 | D:3      | Gained mutation: You are covered in thick fur. (AC +2)
                  | [Felid growth]
  4633 | D:3      | Reached XP level 6. HP: 24/24 MP: 1/11
  4767 | D:3      | Learned a level 3 spell: Dazzling Spray
  4783 | D:3      | Found a shadowy altar of Dithmenos.
  4921 | D:3      | Became a worshipper of Dithmenos the Shadowed
  5050 | D:3      | Found an iron altar of Okawaru.
  5056 | D:3      | Found a bloodstained altar of Trog.
  5332 | D:4      | Shot with an arrow by a centaur
  5333 | D:4      | Reached XP level 5. HP: -1/21 MP: 3/10
  5703 | D:4      | Slain by a centaur

Levels and vault maps discovered:
D:1:      dpeg_arrival_prison, layout_basic
D:2:      layout_basic, xom_teletrap_fun, kennysheep_generic_room_12,
          uniq_crazy_yiuf_cottage, uniq_robin, uniq_jessica
D:3:      layout_rooms, amethyst_overflow_temple_binary, old_standard_altar,
          nicolae_ru_path_of_blood
D:4:      layout_basic, serial_bayou, serial_bayou_pond_d, serial_bayou_shore_b,
          serial_bayou_crossing, serial_bayou_shore_b

Skill      XL: |  1  2  3  4  5 |
---------------+----------------+-----
Hexes          | 5 6 |  6.0
Dodging        | 3 4 |  4.3
Stealth        | 5 6 |  6.2
Unarmed Combat | 2 |  2.8
Spellcasting   | |  2.8

Action                   |  1- 3 |  4- 6 || total
-------------------------+-------+-------++-------
Melee: Unarmed           |    46 |   168 ||   214
       Bite              |     1 |     7 ||     8
 Cast: Corona            |     1 |       ||     1
       Ensorcelled Hiber |    17 |    70 ||    87
       Confuse           |       |     4 ||     4
  Use: Scroll            |       |     3 ||     3
 Stab: Sleeping          |    25 |    49 ||    74
       Confused          |       |     3 ||     3
       Distracted        |       |     1 ||     1
  Eat: Chunk             |     9 |    15 ||    24
Armor: Skin              |     1 |     8 ||     9
Dodge: Dodged            |    20 |   181 ||   201
